 Dungeon Crawl Stone Soup version 0.31.0-12-g77e489cdc1 (webtiles) character file.

Game seed: 1019919111993155323

25180 Gadfly the Warrior (level 13, -11/152 HPs)
             Began as an Oni Berserker on Feb 24, 2024.
             Was a High Priest of Trog.
             Mangled by an elephant (12 damage)
             ... on level 2 of the Lair of Beasts.
             The game lasted 00:16:11 (12678 turns).

Gadfly the Warrior (Oni Berserker)                 Turns: 12678, Time: 00:16:12

Health: -11/152    AC: 12    Str: 26    XL:     13   Next: 17%
Magic:  13/13      EV: 15    Int:  8    God:    Trog [*****.]
Gold:   268        SH:  0    Dex:  7    Spells: 12/12 levels left

rFire   . . .        a - +8 morningstar "Povvy" {flame, rPois rN++ rCorr Dex-3}
rCold   . . .        (no shield)
rNeg    + + .        c - +5 robe of Night {Dark Will+ SInv}
rPois   +            (helmet restricted)
rElec   .            z - +0 cloak of Fyuresch {Will+}
rCorr   +            (gloves unavailable)
SInv    +            (boots unavailable)
Will    +++..        g - amulet of regeneration
Stlth   +            v - ring of poison resistance
HPRegen 1.25/turn    k - +5 ring of evasion
MPRegen 0.13/turn

%: no passive effects
@: studying Fighting
A: large, unfitting armour, horns 2, tough skin 1, double potion healing,
drunken brawling, iridescent scales 1
a: Renounce Religion, Berserk, Trog's Hand, Brothers in Arms


You were on level 2 of the Lair of Beasts.
You worshipped Trog.
Trog was extremely pleased with you.
You visited 2 branches of the dungeon, and saw 14 of its levels.

You collected 685 gold pieces.
You spent 417 gold pieces at shops.

Inventory:

Hand Weapons
 a - the +8 morningstar "Povvy" (weapon) {flame, rPois rN++ rCorr Dex-3}
   (You found it on level 1 of the Lair of Beasts)

   Dex-3:     It affects your dexterity (-3).
   rPois:     It protects you from poison rN++: It greatly protects you from
   negative energy.
   rCorr:     It protects you from acid and corrosion.
 b - a +10 giant club of protection
 f - a +0 heavy flail
 t - a +0 heavy great mace
 y - a +4 scimitar of flaming
 C - a +0 antimagic giant spiked club
 I - a +0 heavy dire flail
Armour
 c - the +5 robe of Night (worn) {Dark Will+ SInv}
   (You found it on level 8 of the Dungeon)

   Dark:      It shrouds the wearer in darkness, reducing the range at which
   they can see and be seen by others.
   Will+:     It increases your willpower.
   SInv:      It lets you see invisible.
 m - a +0 troll leather armour
 z - the +0 cloak of Fyuresch (worn) {Will+}
   (You bought it in a shop on level 10 of the Dungeon)

   Will+:     It increases your willpower.
 F - a +2 robe of cold resistance
Jewellery
 g - an amulet of regeneration (around neck)
 h - a ring of resist corrosion
 k - a +5 ring of evasion (right hand)
 s - a ring of positive energy
 v - a ring of poison resistance (left hand)
 x - a ring of positive energy
Wands
 j - a wand of polymorph (26)
 l - a wand of paralysis (15) (quivered)
 p - a wand of digging (5)
 A - a wand of roots (9)
 G - a wand of flame (8)
Scrolls
 d - a scroll of blinking
 e - 2 scrolls of fear
 n - 2 scrolls of poison
 q - a scroll of identify
 r - 4 scrolls of teleportation
 w - a scroll of silence
 D - a scroll of vulnerability
Potions
 i - 3 potions of attraction
 o - 3 potions of resistance
 B - 2 potions of curing
 H - 2 potions of heal wounds


   Skills:
 + Level 15.8 Fighting
 * Level 12.3 Maces & Flails
 * Level 10.7 Armour
 - Level 2.6 Dodging
 * Level 9.9 Evocations


You had 12 spell levels left.
You didn't know any spells.
Your spell library was empty.

Dungeon Overview and Level Annotations

Branches:
Dungeon (12/15)            Temple (0/1) D:7            Lair (2/5) D:9
    Orc (0/2) D:12
  Swamp: Lair:2-3    Shoals: Lair:2-3     Snake: Lair:2-3    Spider: Lair:2-3

Altars:
Hepliaklqana
Okawaru
Trog
Wu Jian
Zin
The Shining One

Shops:
D:4 [(?[   D:6 ?   D:10 [   D:11 :


Innate Abilities, Weirdness & Mutations

You are too large for most types of armour.
You have a pair of horns on your head.
You have tough skin. (AC +1)
You gain doubled healing and magic from potions.
Whenever you drink a healing potion, you attack all around you.
You are partially covered in iridescent scales. (AC +2)


Message History

Trog accepts your kill.
You sock the elephant! You burn the elephant.
The elephant is moderately wounded.
You bludgeon the elephant!! You burn the elephant. You headbutt the elephant!
The elephant is heavily wounded.
The elephant barely misses you. The elephant misses you.
The elephant tramples you but does no damage.
The elephant trunk-slaps you but does no damage.
You impale the elephant!! You burn the elephant!
You headbutt the elephant, but do no damage.
The elephant is almost dead.
The elephant tramples you!
* * * LOW HITPOINT WARNING * * *
You hold your ground!
The elephant trunk-slaps you.
* * * LOW HITPOINT WARNING * * *
The elephant completely misses you.
The elephant trunk-slaps you but does no damage.
The elephant tramples you!
* * * LOW HITPOINT WARNING * * *
You hold your ground!
The elephant trunk-slaps you but does no damage.
The elephant attacks as it pursues you! The elephant completely misses you.
The elephant trunk-slaps you.
* * * LOW HITPOINT WARNING * * *
You hit the elephant. You burn the elephant.
The elephant is moderately wounded.
The elephant tramples you!
* * * LOW HITPOINT WARNING * * *
You stumble backwards!
The elephant tramples you!
* * * LOW HITPOINT WARNING * * *
You hold your ground!
The elephant closely misses you.
You impale the elephant!! You burn the elephant.
You kill the elephant!
Trog accepts your kill. The elephant tramples you!
* * * LOW HITPOINT WARNING * * *
You hold your ground!
The elephant trunk-slaps you but does no damage.
The elephant attacks as it pursues you! The elephant tramples you!
You die...

#.. #.#
#.. #.##
#.P# ##@.#
#YY##
##.##
.####Y.#
......##
#P.#
.......#
.#....# ##
##.##†##
......#..#
####..#
.#....#.##
#.#..#


You could see 3 elephants.

Vanquished Creatures
  The ghost of Gupteb the Grappler, a journeyman NaSh of Wu Jian (Lair:1)
  A centaur warrior (D:12)
  2 two-headed ogres
  Erica (D:10)
  Pikel (D:5)
  A spectral hydra (Lair:1)
  An ugly thing (D:8)
  2 cyclopes (D:12)
  2 manticores
  2 elephants (Lair:2)
  6 black mambas
  A gargoyle (D:12)
  Joseph (D:8)
  4 cane toads (Lair:1)
  Jeremiah (Lair:1)
  5 komodo dragons
  2 trolls
  A polar bear (Lair:1)
  A hornet (D:7)
  Prince Ribbit (D:7)
  4 slime creatures (D:12)
  Sigmund (D:3)
  3 shadows
  20 yaks
  3 wraiths
  A vampire (D:9)
  2 wyverns
  3 steam dragons
  A spectral cane toad (Lair:1)
  An acid dragon (D:11)
  10 water moccasins
  2 ice beasts
  4 orc warriors
  4 ogres
  2 sky beasts (D:6)
  23 wolves
  4 centaurs
  A lemure (D:5)
  3 kobold brigands
  4 bullfrogs
  A gnoll sergeant (D:9)
  2 scorpions (D:7)
  A wight (D:6)
  A dream sheep simulacrum (Lair:1)
  22 killer bees
  3 howler monkeys (D:9)
  An electric eel (D:9)
  A torpor snail simulacrum (Lair:1)
  A bombardier beetle (D:4)
  A komodo dragon simulacrum (Lair:1)
  6 hounds
  4 orc priests
  A sleepcap (D:5)
  7 iguanas
  5 orc wizards
  4 gnolls
  7 adders
  A shadow imp (D:6)
  A white imp (D:7)
  3 dart slugs (D:1)
  22 orcs
  6 endoplasms
  2 giant cockroaches
  8 goblins
  11 hobgoblins
  4 jackals (D:1)
  3 quokkas
  7 ball pythons
  A bat (D:3)
  5 frilled lizards
  10 kobolds
  5 rats
  A spectral kobold (D:8)
291 creatures vanquished.

Vanquished Creatures (others)
  An adder (D:6)
  3 orcs (D:8)
4 creatures vanquished.

Grand Total: 295 creatures vanquished

Notes
Turn   | Place    | Note
-------+----------+-------------------------------------------
     0 | D:1      | Gadfly the Oni Berserker began the quest for the Orb.
     0 | D:1      | Reached XP level 1. HP: 24/24 MP: 1/1
   172 | D:1      | Reached XP level 2. HP: 32/32 MP: 2/2
   533 | D:1      | Reached skill level 1 in Armour
   533 | D:1      | Reached XP level 3. HP: 37/39 MP: 3/3
   754 | D:1      | Reached skill level 1 in Evocations
   818 | D:1      | Found a faded altar of an unknown god.
  1445 | D:2      | Reached ** piety under Trog
  1711 | D:2      | Identified a scroll of acquirement
  1711 | D:2      | Acquired a manual of Fighting
  1750 | D:2      | HP: 2/40 [orc priest/+0 short sword (1)]
  1754 | D:2      | Reached XP level 4. HP: 49/49 MP: 4/4
  1919 | D:3      | Noticed Sigmund
  1931 | D:3      | Killed Sigmund
  1932 | D:3      | Reached skill level 5 in Fighting
  1932 | D:3      | Reached XP level 5. HP: 42/57 MP: 5/5
  1932 | D:3      | Reached XP level 6. HP: 48/66 MP: 6/6
  2638 | D:4      | Found Fairic's Antique Weapon Shoppe.
  2739 | D:4      | Found Wulymnanu's Antique Armour Shoppe.
  2829 | D:4      | Found a glowing golden altar of the Shining One.
  2837 | D:4      | Reached *** piety under Trog
  3137 | D:4      | Found Booh's Antique Armour Shop.
  3153 | D:4      | Reached skill level 6 in Fighting
  3302 | D:4      | Found Neqaxis's Magic Scroll Boutique.
  3308 | D:4      | Bought a scroll of teleportation for 42 gold pieces
  3491 | D:5      | Entered Level 5 of the Dungeon
  3627 | D:5      | Noticed Pikel
  3640 | D:5      | Killed Pikel
  3641 | D:5      | Reached skill level 7 in Fighting
  3641 | D:5      | Reached skill level 5 in Maces & Flails
  3641 | D:5      | Reached XP level 7. HP: 26/78 MP: 7/7
  3729 | D:5      | Reached XP level 8. HP: 74/87 MP: 8/8
  3763 | D:5      | Found an iron altar of Okawaru.
  4327 | D:6      | Found The Oracle's Delphic Readings.
  4332 | D:6      | Reached skill level 8 in Fighting
  4357 | D:6      | Bought a scroll of blinking for 90 gold pieces
  4584 | D:6      | Reached skill level 5 in Armour
  4935 | D:6      | Reached XP level 9. HP: 75/97 MP: 9/9
  5256 | D:7      | Noticed a troll
  5270 | D:6      | Reached skill level 9 in Fighting
  5272 | D:6      | Killed a troll
  5273 | D:6      | Reached skill level 5 in Evocations
  5284 | D:6      | HP: 1/98 [killer bee (5)]
  5342 | D:6      | Reached **** piety under Trog
  5548 | D:7      | Found a staircase to the Ecumenical Temple.
  5686 | D:7      | Noticed a hornet
  5690 | D:7      | Paralysed by a hornet for 1 turns
  5694 | D:7      | Paralysed by a hornet for 2 turns
  5696 | D:7      | HP: 1/101 [hornet (12)]
  5697 | D:7      | Paralysed by a hornet for 2 turns
  5699 | D:7      | Killed a hornet
  5755 | D:7      | Reached skill level 10 in Fighting
  6070 | D:7      | Noticed Prince Ribbit
  6088 | D:7      | Killed Prince Ribbit
  6222 | D:8      | Noticed a green ugly thing
  6230 | D:8      | Killed a green ugly thing
  6231 | D:8      | Reached XP level 10. HP: 111/111 MP: 10/10
  6317 | D:8      | Noticed Joseph
  6325 | D:8      | Gained mutation: You have a pair of horns on your head.
                  | [potion of mutation]
  6325 | D:8      | Gained mutation: You are partially covered in iridescent
                  | scales. (AC +2) [potion of mutation]
  6328 | D:8      | Killed Joseph
  6616 | D:8      | Reached skill level 11 in Fighting
  6622 | D:8      | Found a hazy altar of Hepliaklqana.
  6721 | D:8      | Found the +5 robe of Night {Dark Will+ SInv}
  6988 | D:8      | HP: 2/114 [orc warrior/+0 battleaxe (21)]
  7551 | D:9      | Found a staircase to the Lair.
  7885 | D:9      | Reached skill level 12 in Fighting
  7895 | D:9      | Reached XP level 11. HP: 91/123 MP: 11/11
  8506 | D:10     | Entered Level 10 of the Dungeon
  8778 | D:10     | Noticed Erica
  8783 | D:10     | Killed Erica
  9077 | D:10     | Noticed a two-headed ogre
  9082 | D:10     | Killed a two-headed ogre
  9083 | D:10     | Reached skill level 10 in Maces & Flails
  9109 | D:10     | Found Lumogol's Antique Armour Shoppe.
  9116 | D:10     | Bought a twisted cloak for 285 gold pieces
  9116 | D:10     | Identified the +0 cloak of Fyuresch {Will+} (You bought it
                  | in a shop on level 10 of the Dungeon)
  9320 | D:10     | Found a bloodstained altar of Trog.
  9327 | D:10     | Reached skill level 13 in Fighting
  9756 | D:11     | Noticed a manticore
  9765 | D:11     | Killed a manticore
  9994 | D:11     | Found Afonej's Book Shop.
 10061 | D:11     | Found a glowing silver altar of Zin.
 10233 | D:12     | Reached ***** piety under Trog
 10235 | D:12     | Noticed a centaur warrior
 10239 | D:12     | Killed a centaur warrior
 10253 | D:12     | Noticed a cyclops
 10263 | D:12     | Killed a cyclops
 10264 | D:12     | Reached XP level 12. HP: 116/137 MP: 12/12
 10418 | D:12     | Reached skill level 14 in Fighting
 10494 | D:12     | Found an ornate altar of the Wu Jian Council.
 10670 | D:12     | Noticed a two-headed ogre
 10672 | D:12     | Killed a two-headed ogre
 11078 | D:12     | Found a staircase to the Orcish Mines.
 11315 | Lair:1   | Entered Level 1 of the Lair of Beasts
 11315 | Lair:1   | Found a runed translucent gate.
 11315 | Lair:1   | Found a runed translucent gate.
 11315 | Lair:1   | Found a runed translucent gate.
 11317 | Lair:1   | Noticed Jeremiah
 11355 | Lair:1   | Noticed Gupteb's ghost (journeyman NaSh)
 11360 | Lair:1   | Killed Jeremiah
 11616 | Lair:1   | Reached skill level 10 in Armour
 11685 | Lair:1   | Reached skill level 15 in Fighting
 11854 | Lair:1   | Identified the maw talisman of Loss {rElec Slay+3}
 12504 | Lair:1   | Killed Gupteb's ghost
 12547 | Lair:1   | Identified the +8 morningstar "Povvy" {flame, rPois rN++
                  | rCorr Dex-3}
 12604 | Lair:2   | Received a gift from Trog
 12605 | Lair:2   | Reached XP level 13. HP: 102/150 MP: 13/13
 12678 | Lair:2   | HP: 1/152 [elephant (9)]
 12678 | Lair:2   | Mangled by an elephant

Illustrated notes

Levels and vault maps discovered:
D:1:      saegor_arrival_simple_b, layout_loops_cross, serial_forest,
          infiniplex_forest_clump_tiny, infiniplex_forest_end_3,
          infiniplex_forest_lined_corner, infiniplex_forest_lined_corner,
          infiniplex_forest_end_1, infiniplex_forest_lined_3_way,
          infiniplex_forest_lined_3_way, shapermc_ecumenical_altar_hornbeckon
D:2:      layout_rooms, grunt_ministairs_1
D:3:      layout_basic, hex_medium, hex_tiny, uniq_sigmund
D:4:      layout_loops_corners, old_standard_altar, serial_shops,
          nicolae_shop_trees, nicolae_shop_tiny_real_fake_doors, shop,
          shop_statue, kennysheep_cluttered_room
D:5:      layout_cave_pools, lemuel_round_altar, grunt_decor_junction,
          eino_tiny_chamber, kennysheep_nondescript, uniq_pikel
D:6:      layout_loops_corners, roderic_lattice_a, nicolae_nh_oracle_at_delphi
D:7:      layout_basic, minmay_temple_entry_glassed_door, uniq_prince_ribbit1
D:8:      layout_basic, nicolae_hepliaklqana_monster_ancestors, uniq_joseph
D:9:      layout_basic, erik_lair_island
D:10:     layout_loops_ring, trog_antimagical, serial_shops, shop, uniq_erica
D:11:     layout_big_octagon, serial_shops, shop, zin_treasury
D:12:     layout_basic, orc_0_dummy, minmay_statues_item,
          nzn_wu_jian_contemplation
Lair:1:   layout_regular_city, gammafunk_ghost_necromancy,
          grunt_forest_stairs_basic, chequers_serial_rivers_micro_a,
          grunt_megastairs_4, lemuel_fruit_fields, uniq_jeremiah
Lair:2:   layout_chaotic_city, skrybe_swamp_entry_bodies,
          minmay_snake_entry_six_corridors

Skill      XL: |  1  2  3  4  5  6  7  8  9 10 11 12 |
---------------+-------------------------------------+-----
Armour         | 1 2 3 5 6 7 9 10 | 10.7
Evocations     | 1 2 3 4 6 7 8 9 |  9.9
Fighting       | 5 7 8 10 12 13 15 | 15.8
Maces & Flails | 4 5 6 8 9 10 12 | 12.3
Dodging        | |  2.6

Action                     |  1- 3 |  4- 6 |  7- 9 | 10-12 | 13-15 || total
---------------------------+-------+-------+-------+-------+-------++-------
  Melee: Mace              |   291 |       |       |       |       ||   291
         Headbutt          |   106 |    14 |    35 |    84 |     8 ||   247
         Dagger            |    26 |     4 |       |       |       ||    30
         Hand axe          |       |   104 |    58 |       |       ||   162
         Flail             |       |       |   126 |   154 |       ||   280
         Punch             |       |       |     1 |     2 |       ||     3
         Dire flail        |       |       |       |   132 |       ||   132
         Giant club        |       |       |       |   171 |       ||   171
         Morningstar       |       |       |       |     5 |    42 ||    47
 Invoke: Berserk           |       |       |     1 |     2 |       ||     3
         Trog's Hand       |       |       |       |       |     1 ||     1
  Evoke: Wand              |       |       |       |     2 |       ||     2
    Use: Scroll            |     3 |     2 |     4 |     8 |       ||    17
         Potion            |     3 |     1 |     4 |     1 |       ||     9
   Stab: Sleeping          |     1 |       |       |       |       ||     1
         Paralysed         |       |       |       |     5 |       ||     5
 Armour: Animal skin       |    84 |    11 |       |       |       ||    95
         Robe              |       |    48 |    94 |   421 |    66 ||   629
         Troll leather arm |       |       |    79 |    61 |       ||   140
  Dodge: Dodged            |    78 |    54 |   262 |   617 |    53 ||  1064
